 Dungeon Crawl Stone Soup version 0.31-a0-4-gefa6de2278 (webtiles) character file.

Game seed: 14710289838706955448

10294 bobo the Fighter (level 11, -9/86 HPs)
             Began as a Djinni Fire Elementalist on May 3, 2023.
             Was an Elder of Elyvilon.
             Mangled by a death yak (26 damage)
             ... on level 1 of the Lair of Beasts.
             The game lasted 00:35:41 (11350 turns).

bobo the Fighter (Djinni Fire Elementalist)        Turns: 11350, Time: 00:35:42

Health: -9/86      AC:  6    Str:  7    XL:     11   Next: 90%
Gold:   496        EV: 11    Int: 27    God:    Elyvilon [****..] SH:  0 Dex: 14

rFire   + + .        o - staff of air
rCold   x . .        (no shield)
rNeg    . . .        K - +0 troll leather armour
rPois   ∞            (no helmet)
rElec   +            f - +0 cloak
rCorr   .            n - +0 pair of gloves
SInv    .            (boots unavailable)
Will    ++...        (no amulet)
Stlth   ++           t - +6 ring of intelligence
HPRegen 1.14/turn    h - ring of willpower
MPRegen 0.00/turn

%: infuse magic (-10 HP)
@: flying
A: sickness immunity, fire resistance 2, cold vulnerability 1, float, innate
caster, HP casting, extra vitality 1
a: Renounce Religion, Purification, Heal Other, Heal Self


You were on level 1 of the Lair of Beasts.
You worshipped Elyvilon.
Elyvilon was greatly pleased with you.
You visited 2 branches of the dungeon, and saw 12 of its levels.
You also visited: Ossuary.

You collected 661 gold pieces.
You spent 165 gold pieces at shops.

Inventory:

Hand Weapons
 a - the +6 whip "Mirohuro" {vamp, +Blink rCorr Int-3 Stlth+}
   (You bought it in a shop on level 2 of the Dungeon)

   Int:       It affects your intelligence (-3).
   +Blink:    It lets you blink.
   rCorr:     It protects you from acid and corrosion.
   Stlth:     It makes you more stealthy.
   Elyvilon disapproves of the use of such an item.
 G - a +1 dagger of holy wrath
Missiles
 i - a throwing net
Armour
 f - a +0 cloak (worn)
 n - a +0 pair of gloves (worn)
 K - a +0 troll leather armour (worn)
Magical Staves
 o - a staff of air (weapon)
 q - a staff of earth
Jewellery
 h - a ring of willpower (right hand)
 t - a +6 ring of intelligence (left hand)
 D - a ring of protection from cold
Wands
 l - a wand of iceblast (22)
 v - a wand of flame (8)
 y - a wand of charming (11)
 E - a wand of quicksilver (9)
Scrolls
 b - 5 scrolls of teleportation
 c - 3 scrolls of fog
 p - a scroll of summoning
 s - a scroll of immolation {unknown}
 u - 3 scrolls of fear
 B - 2 scrolls of blinking
 C - 4 scrolls of vulnerability
 H - a scroll of magic mapping {unknown}
 I - a scroll of enchant weapon {unknown}
Potions
 d - 8 potions of curing
 e - 6 potions of magic
 g - 2 potions of ambrosia
 j - 3 potions of mutation
 k - 3 potions of might
 m - 2 potions of brilliance {unknown}
 r - a potion of haste {unknown}
 w - 2 potions of heal wounds
 x - a potion of attraction {unknown}
 A - 2 potions of lignification
 J - a potion of cancellation {unknown}


   Skills:
 + Level 10.6 Fighting
 - Level 2.1 Dodging
 - Level 1.5 Stealth
 + Level 8.6 Spellcasting
 + Level 9.9 Invocations


You knew the following spells:

 Your Spells              Type           Power      Damage    Failure   Level
a - Foxfire               Conj/Fire      100%       2x1d9     1%          1
b - Volatile Blastmotes   Fire/Tloc      100%       2d18      1%          3
c - Sting                 Tmut/Pois      100%       1d8       1%          1
d - Wereblood             Tmut           55%        N/A       1%          2
e - Inner Flame           Hex/Fire       55%        N/A       1%          3
f - Cause Fear            Hex            27%        N/A       2%          4
l - Leda's Liquefaction   Hex/Erth       27%        N/A       2%          4
q - Poisonous Vapours     Pois/Air       100%       N/A       1%          2
s - Scorch                Fire           100%       2d9       1%          2
w - Flame Wave            Conj/Fire      55%        2d13      2%          4
Your spell library was empty.

Dungeon Overview and Level Annotations

Branches:
Dungeon (11/15)            Temple (0/1) D:4            Lair (1/5) D:9
    Orc (0/2) D:9         Ossuary (visited)

Altars:
Elyvilon
Hepliaklqana
Nemelex Xobeh
Xom
Yredelemnul

Shops:
D:2 [[(=

Annotations:
D:7 1 runed translucent door
Lair:1 Gastronok


Innate Abilities, Weirdness & Mutations

You are immune to sickness and miasma.
You are immune to poison.
Your flesh is very heat resistant. (rF++)
You are vulnerable to cold. (rC-)
You float through the air rather than walking.
You learn spells naturally, not from books.
Your magical power is your life essence.
You have superior vitality. (+4 MHP)


Message History

Your attack snaps Gastronok out of his fear.
A death yak comes into view.
Casting: Cause Fear (dangerous; 2% risk of failure)
Confirm with . or Enter, or press ? or * to list all spells.
Casting: Cause Fear (dangerous; 2% risk of failure)
Press: ? - help, Dir - look around, f - activate Gastronok easily resists.
The death yak resists with almost no effort.
The death yak bellows!
The death yak easily resists.
The death yak gores you!
Unknown command.
Press: ? - help, Dir - move target, f - death yak Heal: a death yak (chance to pacify: 67%)
The light of Elyvilon fails to reach the death yak.
A death yak comes into view.
The death yak gores you!!
Press: ? - help, Dir - move target, f/p - death yak Heal: a death yak (chance to pacify: 67%)
The light of Elyvilon fails to reach the death yak.
The death yak gores you!!
* * * LOW HITPOINT WARNING * * *
Okay, then.
Unknown command.
You are healed.
A death yak comes into view. x2
The death yak gores you.
* * * LOW HITPOINT WARNING * * *
Okay, then.
Unknown command.
Casting: Cause Fear (dangerous; 2% risk of failure)
Confirm with . or Enter, or press ? or * to list all spells.
Casting: Cause Fear (dangerous; 2% risk of failure)
Press: ? - help, Dir - look around, f - activate Gastronok resists with almost no effort.
The death yak easily resists.
The death yak resists with almost no effort. x2
The death yak looks frightened!
* * * LOW HITPOINT WARNING * * *
The death yak gores you!!
You die...

#.#.### ##..#
##.## ##..#
###...#
#....###
###......#P
###............
#.Y@....#######
Y...Y..w..###
Y........##
.[.....###
##....# #...#
#... #...


You could see Gastronok (swift) and 4 death yaks.

Vanquished Creatures
  A two-headed ogre (D:10)
  A manticore (D:8)
  Maurice (D:9)
  A rime drake (D:9)
  A komodo dragon (D:10)
  3 trolls (D:10)
  A shadow (D:10)
  5 yaks
  A wyvern (Lair:1)
  A vampire (D:6)
  3 steam dragons
  An acid dragon (D:10)
  2 water moccasins (D:6)
  8 ice beasts
  6 orc warriors
  2 black bears
  5 centaurs
  2 ogres
  A wolf (D:9)
  3 phantoms
  2 kobold brigands (D:9)
  A gnoll sergeant (D:6)
  6 bullfrogs
  4 scorpions
  10 wights (D:7)
  3 water moccasin zombies (Ossuary)
  16 killer bees
  2 howler monkeys
  A jelly (D:5)
  A hound (D:6)
  4 gnoll boudas
  7 orc priests
  A sleepcap (D:7)
  4 iguanas
  10 orc wizards
  2 mummies (Ossuary)
  22 gnolls
  7 adders
  2 shadow imps
  3 white imps
  An ufetubus (D:6)
  7 adder zombies (Ossuary)
  3 worms
  The ghost of OldManVictorn the Covert, a weakling GnDe (D:6)
  2 dart slugs
  45 orcs
  8 bats
  11 endoplasms
  4 giant cockroaches
  3 gnoll zombies (Ossuary)
  7 goblins
  8 hobgoblins
  2 quokkas
  3 ball pythons
  4 frilled lizards
  4 hobgoblin zombies (Ossuary)
  14 kobolds
  5 kobold zombies (Ossuary)
  6 orc zombies (Ossuary)
  5 rats
300 creatures vanquished.

Vanquished Creatures (others)
  A quokka (D:5)
  788 foxfires
  3 plants (D:9)
792 creatures vanquished.

Grand Total: 1092 creatures vanquished

Notes
Turn   | Place    | Note
-------+----------+-------------------------------------------
     0 | D:1      | bobo the Djinni Fire Elementalist began the quest for the
                  | Orb.
     0 | D:1      | bobo set off with the following spells memorised: Foxfire,
                  | Scorch, Volatile Blastmotes, Inner Flame, Flame Wave.
     0 | D:1      | Reached XP level 1. HP: 15/15 MP: 0/0
   118 | D:1      | Reached XP level 2. HP: 20/22 MP: 0/0
   201 | D:1      | Reached skill level 1 in Fighting
   514 | D:1      | Reached XP level 3. HP: 24/27 MP: 0/0
   514 | D:1      | Learned a level 1 spell: Sting
  1137 | D:2      | Reached skill level 2 in Fighting
  1146 | D:2      | Found Dahumof's Antique Armour Shop.
  1236 | D:2      | Reached XP level 4. HP: 27/33 MP: 0/0
  1348 | D:2      | Found Ywkonkal's Antique Weapon Shop.
  1429 | D:2      | Found Kyfak's Armour Emporium.
  1535 | D:2      | Found a faded altar of an unknown god.
  1866 | D:2      | Found Taseajad's Jewellery Shop.
  2067 | D:3      | Found a sparkling altar of Nemelex Xobeh.
  2562 | D:3      | Reached XP level 5. HP: 34/40 MP: 0/0
  2562 | D:3      | Learned a level 2 spell: Poisonous Vapours
  2789 | D:3      | Reached skill level 3 in Fighting
  2995 | D:4      | Reached XP level 6. HP: 36/46 MP: 0/0
  3059 | D:4      | You are sucked into a shaft and drop 1 floor!
  3059 | D:5      | Entered Level 5 of the Dungeon
  3069 | D:5      | Found a white marble altar of Elyvilon.
  3072 | D:5      | Became a worshipper of Elyvilon the Healer
  3164 | D:5      | Noticed an ogre
  3175 | D:5      | Killed an ogre
  3176 | D:5      | Reached skill level 4 in Fighting
  3176 | D:5      | Reached skill level 1 in Invocations
  3302 | D:5      | Reached XP level 7. HP: 41/52 MP: 0/0
  3302 | D:5      | Learned a level 2 spell: Wereblood
  3964 | D:5      | Reached * piety under Elyvilon
  4278 | D:5      | Reached skill level 5 in Fighting
  4278 | D:5      | Reached XP level 8. HP: 54/59 MP: 0/0
  4526 | D:6      | Reached skill level 5 in Spellcasting
  4527 | D:6      | Noticed OldManVictorn's ghost (weakling GnDe)
  4530 | D:6      | Noticed a vampire
  4895 | D:6      | Found a transporter.
  4899 | D:6      | Found a transporter.
  4925 | D:6      | Reached skill level 6 in Fighting
  4941 | D:6      | Found a sand-covered staircase.
  4950 | Ossuary  | Entered an ossuary
  5134 | Ossuary  | Reached XP level 9. HP: 46/66 MP: 0/0
  5134 | Ossuary  | Learned a level 4 spell: Cause Fear
  5225 | Ossuary  | Reached skill level 5 in Invocations
  5884 | D:6      | Reached skill level 7 in Fighting
  6228 | D:4      | Reached ** piety under Elyvilon
  6229 | D:4      | Found a staircase to the Ecumenical Temple.
  6399 | D:4      | Noticed Edmund
  6480 | D:4      | Noticed Natasha
  6481 | D:4      | Pacified Natasha
  6697 | D:2      | Bought an ichor-stained whip for 165 gold pieces
  6697 | D:2      | Identified the +6 whip "Mirohuro" {vamp, +Blink rCorr Int-3
                  | Stlth+} (You bought it in a shop on level 2 of the Dungeon)
  6795 | D:6      | Killed OldManVictorn's ghost
  7092 | D:7      | Reached XP level 10. HP: 64/76 MP: 0/0
  7103 | D:7      | Was placed under penance by Elyvilon
  7284 | D:7      | Reached skill level 8 in Fighting
  7731 | D:7      | Was forgiven by Elyvilon
  7764 | D:7      | Found a runed translucent door.
  7790 | D:7      | Found a basalt altar of Yredelemnul.
  7830 | D:7      | Found a hazy altar of Hepliaklqana.
  7831 | D:7      | Found a shimmering altar of Xom.
  7832 | D:7      | Noticed a spectral ugly thing
  8143 | D:8      | Noticed a manticore
  8237 | D:8      | Killed a manticore
  8458 | D:9      | Noticed a rime drake
  8463 | D:9      | Reached skill level 9 in Fighting
  8770 | D:9      | Reached XP level 11. HP: 72/84 MP: 0/0
  8770 | D:9      | Learned a level 4 spell: Leda's Liquefaction
  8914 | D:9      | Found a staircase to the Lair.
  9183 | D:8      | HP: 1/85 [killer bee (5)]
  9183 | D:8      | Elyvilon protects you from harm!
  9458 | D:9      | Reached skill level 10 in Fighting
  9691 | D:9      | Found a staircase to the Orcish Mines.
  9838 | D:9      | Reached *** piety under Elyvilon
 10170 | D:9      | Noticed Maurice
 10178 | D:9      | Killed Maurice
 10454 | D:10     | Entered Level 10 of the Dungeon
 10514 | D:10     | Noticed a two-headed ogre
 10526 | D:10     | Killed a two-headed ogre
 10957 | D:10     | Reached **** piety under Elyvilon
 11228 | Lair:1   | Entered Level 1 of the Lair of Beasts
 11337 | Lair:1   | Noticed Gastronok
 11339 | Lair:1   | Noticed a death yak
 11345 | Lair:1   | Noticed a death yak
 11347 | Lair:1   | Noticed a death yak
 11348 | Lair:1   | HP: 4/86 [death yak (27)]
 11349 | Lair:1   | Noticed a death yak
 11349 | Lair:1   | Noticed a death yak
 11350 | Lair:1   | Mangled by a death yak

Illustrated notes

Levels and vault maps discovered:
D:1:      dpeg_arrival_rooms_with_view, layout_loops_ring,
          wander_ebering_terrifying_dragon_lair
D:2:      minmay_wonky_spiral, layout_loops_corners,
          shapermc_ecumenical_altar_flowoftime, serial_shops, shop,
          nicolae_shop_peninsula, shop, nicolae_shop_waterfront
D:3:      cheibrodos_greedy_goblins, layout_basic,
          nicolae_kikubaaqudgha_miasma_corner, old_standard_altar
D:4:      layout_rooms, minmay_temple_entry_ruins, uniq_natasha, uniq_edmund
D:5:      layout_basic, elyvilon_altar_4, skrybe_limestone_x
D:6:      layout_basic, enter_ossuary_1, gammafunk_ghost_arena
D:7:      minmay_skewed_foursquare, layout_rooms,
          regret_index_temple_of_mockery, dk_yredelemnul_ordeal,
          minmay_misc_feat_nine_boxes
D:8:      layout_cave_pools
D:9:      layout_roguey, hellmonk_lair_entry_icy, david_orc_5,
          serial_bayou_crossing, uniq_maurice
D:10:     layout_irregular_city
D:11:     layout_cave_pools
Lair:1:   layout_cave_pods, grunt_megastairs_4, uniq_gastronok

Skill      XL: |  1  2  3  4  5  6  7  8  9 10 11 |
---------------+----------------------------------+-----
Fighting       | 1 2 3 4 5 6 7 9 10 | 10.6
Spellcasting   | 3 4 5 6 7 8 |  8.6
Invocations    | 1 3 4 6 8 9 |  9.9
Dodging        | |  2.1
Stealth        | |  1.5

Action                     |  1- 3 |  4- 6 |  7- 9 | 10-12 || total
---------------------------+-------+-------+-------+-------++-------
  Melee: Unarmed           |     1 |       |       |       ||     1
         Staff             |     1 |     1 |       |     1 ||     3
   Cast: Foxfire           |    57 |    62 |   108 |   235 ||   462
         Scorch            |    25 |    15 |    47 |    71 ||   158
         Volatile Blastmot |       |     8 |     1 |       ||     9
         Sting             |       |     2 |     1 |       ||     3
         Poisonous Vapours |       |     1 |     4 |    13 ||    18
         Inner Flame       |       |     1 |    10 |    36 ||    47
         Wereblood         |       |       |     1 |       ||     1
         Flame Wave        |       |       |    13 |     5 ||    18
         Cause Fear        |       |       |     5 |    32 ||    37
 Invoke: Heal Other        |       |       |     5 |     2 ||     7
         Heal Self         |       |       |       |     1 ||     1
    Use: Scroll            |       |     6 |     1 |    11 ||    18
 Armour: Robe              |       |     1 |     9 |     2 ||    12
         Steam dragon scal |       |       |       |    16 ||    16
         Troll leather arm |       |       |       |     1 ||     1
  Dodge: Dodged            |     2 |     5 |    25 |    47 ||    79

Table legend: (Time is in decaauts)
 A = Elapsed time spent in this place.
 B = Non-inter-level travel time spent in this place.
 C = Inter-level travel time spent in this place.
 D = Time resting spent in this place.
 E = Time spent auto-exploring this place.
 F = Levels seen in this place.
 G = Mean time per level.
                   A        B        C        D        E       F      G
               +--------+--------+--------+--------+--------+-----+--------+
         Total |  11352 |  10670 |    682 |   1083 |   8000 |  13 |  873.2 |
       Dungeon |  10787 |  10106 |    681 |   1058 |   7563 |  11 |  980.6 |
          Lair |    121 |    121 |      0 |      0 |     91 |   1 |  121.0 |
       Ossuary |    443 |    443 |      0 |     25 |    346 |   1 |  443.0 |
               +--------+--------+--------+--------+--------+-----+--------+

Top non-repeatable levels by time:
     D:5: 1755 daAuts
     D:8: 1349 daAuts
     D:2: 1212 daAuts
     D:9: 1163 daAuts
     D:6: 1103 daAuts
     D:7: 998 daAuts
     D:3: 979 daAuts
     D:1: 844 daAuts
    D:10: 746 daAuts
     D:4: 624 daAuts
 Ossuary: 443 daAuts
  Lair:1: 121 daAuts
    D:11: 9 daAuts
